[Event "Titled Tuesday Blitz February 07 Late 2023"]
[White "ritanovikova"]
[Black "Gonzalez, Francisco Silva"]
[BlackFideId "1512285"]
[WhiteElo "2226"]
[BlackElo "2021"]
[Result "1-0"]
[Round "07"]
[TimeControl "180+2"]
[Date "2023.02.07"]
[WhiteClock "0:00:09"]
[BlackClock "0:00:19"]

1. e4 e5 2. Nf3 Nc6 3. Bc4 Bc5 4. c3 Nf6 5. d4 exd4 6. cxd4 Bb4+ 7. Bd2 Bxd2+ 8. Nbxd2 d5 9. exd5 Nxd5 10. O-O O-O 11. Rc1 Bg4 12. h3 Bh5 13. Qb3 Na5 14. Qb5 Nxc4 15. Qxc4 c6 16. Ne5 Nf4 17. Ndf3 Qf6 18. Kh2 Bxf3 19. Nxf3 Rad8 20. b4 Qd6 21. Kh1 Qf6 22. b5 cxb5 23. Qxb5 Nxh3 24. Qxb7 Nf4 25. Qe4 Rfe8 26. Ne5 Qh4+ 27. Kg1 Rxd4 28. Qf3 f6 29. Qb3+ Rd5 30. g3 Qh3 31. gxf4 Qxb3 32. axb3 fxe5 33. fxe5 Rdxe5 34. Rc7 Rg5+ 35. Kh2 Re4 36. Rc3 Rh4+ 37. Rh3 Rb4 38. Rc1 h6 39. Rg3 Rf5 40. Kg2 Rbf4 41. Rc2 Rf7 42. Rb2 a5 43. Rd3 Rb7 44. Rbd2 Kh7 45. Rc2 Rfb4 46. Rcc3 R7b6 47. Rg3 g5 48. Rcf3 Kg6 49. Rd3 h5 50. Rd5 g4 51. f3 Rxb3 52. fxg4 Rb2+ 53. Kh3 h4 54. Kxh4 Rh2+ 55. Rh3 Rxh3+ 56. Kxh3 Ra6 57. Rd4 a4 58. Rd1 a3 59. Ra1 a2 60. Kg3 Ra3+ 61. Kf2 Kg5 62. Ke2 Kf4 63. Kd2 Ke4 64. Kc2 Rg3 65. Kb2 Rxg4 66. Rxa2 Rg3 67. Ra3 Kd5 68. Rxg3 1-0


[Site "https://www.chess.com"]

[Event "Titled Tuesday Blitz February 07 Late 2023"]
[White "Tarnowska, Aleksandra"]
[Black "De Arruda, Leandro Formes"]
[WhiteFideId "1180967"]
[BlackFideId "22722009"]
[WhiteElo "1835"]
[BlackElo "1980"]
[Result "0-1"]
[Round "07"]
[TimeControl "180+2"]
[Date "2023.02.07"]
[WhiteClock "0:00:10"]
[BlackClock "0:00:25"]

1. e4 e6 2. d4 d5 3. Nd2 dxe4 4. Nxe4 Nd7 5. Nf3 Ngf6 6. Ng3 Be7 7. Be3 b6 8. Bd3 Bb7 9. O-O O-O 10. c4 c5 11. Rc1 cxd4 12. Nxd4 Nc5 13. Bb1 Qc7 14. Qc2 Rad8 15. Nh5 g6 16. Nxf6+ Bxf6 17. Nb5 Qc6 18. f3 Nd3 19. Rcd1 Ne5 20. Nxa7 Qxc4 21. Qxc4 Nxc4 22. Bf2 Bxb2 23. Nb5 Ba6 24. Nc7 Bb7 25. Bd3 Ne5 26. Be2 Nd7 27. Bb5 Nc5 28. Bc4 Bc3 29. Nb5 Ba5 30. Nd6 Bd5 31. Bxd5 exd5 32. Nb5 Rfe8 33. Bh4 Rd7 34. Rd4 Ne6 35. Rd3 Nf4 36. Rd4 Ne2+ 37. Kf2 Nxd4 38. Nxd4 Bb4 39. Nc6 Bc5+ 40. Kg3 d4 41. Rd1 d3 42. Bg5 Kg7 43. Bf4 f6 44. h4 h6 45. h5 g5 46. Bd2 Re2 47. Bc3 Bf2+ 48. Kh3 Rd6 49. Nb8 Rc2 50. Bb4 Rd8 51. Na6 d2 52. Ba3 Be1 53. Nb4 Rc3 54. Bb2 Rc4 55. Nc6 Rxc6 56. a4 Rc2 57. f4 Rxb2 58. a5 bxa5 59. Kg4 Rb4 60. g3 gxf4 61. gxf4 Rdd4 62. Kf5 Rxf4+ 63. Ke6 Rbe4+ 64. Kd7 Rd4+ 65. Kc6 Rc4+ 66. Kb6 Rc1 67. Rxd2 Bxd2 68. Ka6 Rb4 69. Ka7 Rc7+ 70. Ka6 a4 71. Ka5 a3 72. Ka6 a2 73. Ka5 a1=Q# 0-1


[Site "https://www.chess.com"]

[Event "Titled Tuesday Blitz February 07 Late 2023"]
[White "Fathy, Elameir"]
[Black "Sailer, Mike"]
[WhiteFideId "10600396"]
[BlackFideId "2012901"]
[WhiteElo "2300"]
[BlackElo "2109"]
[Result "1-0"]
[Round "07"]
[TimeControl "180+2"]
[Date "2023.02.07"]
[WhiteClock "0:01:08"]
[BlackClock "0:00:07"]

1. d4 g6 2. c4 Bg7 3. Nf3 d6 4. Nc3 Nd7 5. e4 e5 6. d5 a5 7. Be3 f5 8. Ng5 Nc5 9. exf5 Bxf5 10. Bxc5 dxc5 11. Nge4 b6 12. Bd3 Ne7 13. O-O O-O 14. Ng5 Bd7 15. Qe2 Nf5 16. Nf3 Qe7 17. Rfe1 Rae8 18. Rad1 Nd4 19. Nxd4 cxd4 20. Ne4 Bf5 21. Ng3 Bd7 22. Bb1 Bh6 23. Rxd4 Qc5 24. Rdd1 Bf5 25. Bxf5 gxf5 26. Qh5 f4 27. Ne4 Qxc4 28. Qxh6 Qxa2 29. Nf6+ Rxf6 30. Qxf6 Qxb2 31. h3 a4 32. d6 cxd6 33. Rxd6 Qb4 34. Rd7 Qxe1+ 35. Kh2 1-0


[Site "https://www.chess.com"]

[Event "Titled Tuesday Blitz February 07 Late 2023"]
[White "Michalski, Olaf"]
[Black "Stolz, Mike"]
[WhiteFideId "1106740"]
[BlackFideId "4617134"]
[WhiteElo "2273"]
[BlackElo "2330"]
[Result "0-1"]
[Round "07"]
[TimeControl "180+2"]
[Date "2023.02.07"]
[WhiteClock "0:00:01"]
[BlackClock "0:00:12"]

1. d4 Nf6 2. c4 e6 3. Nf3 d5 4. Nc3 dxc4 5. e4 Bb4 6. Qc2 O-O 7. Bxc4 Nc6 8. Be3 Ng4 9. O-O Nxe3 10. fxe3 Qe7 11. e5 Bxc3 12. bxc3 b6 13. Qe4 Bb7 14. Bd3 g6 15. Qg4 h5 16. Qf4 Kg7 17. Ng5 Rad8 18. Ne4 Na5 19. Nf6 c5 20. Qg5 Nc6 21. Nxh5+ Kh7 22. Nf6+ Kg7 23. Rf4 Rh8 24. Raf1 Rdf8 25. Qg3 cxd4 26. exd4 Nb8 27. Rg4 Rh6 28. Rg5 Nd7 29. Nh5+ Kh7 30. Nf4 Kg7 31. h3 Qe8 32. Ne2 Qe7 33. Qf4 a6 34. Ng3 b5 35. Ne4 Bxe4 36. Bxe4 f5 0-1


[Site "https://www.chess.com"]

[Event "Titled Tuesday Blitz February 07 Late 2023"]
[White "Tobares, Leandro"]
[Black "Desideri, Ricardo Maruchi"]
[WhiteFideId "106402"]
[BlackFideId "2110440"]
[WhiteElo "2189"]
[BlackElo "1959"]
[Result "1-0"]
[Round "07"]
[TimeControl "180+2"]
[Date "2023.02.07"]
[WhiteClock "0:00:58"]
[BlackClock "0:00:23"]

1. c4 e5 2. Nc3 Nf6 3. g3 d5 4. cxd5 Nxd5 5. Bg2 Be6 6. Nf3 Nc6 7. O-O Bc5 8. d3 O-O 9. Bd2 a6 10. Nxd5 Bxd5 11. Bc3 Bd6 12. Nd2 Bxg2 13. Kxg2 Nd4 14. Bxd4 exd4 15. a4 c5 16. a5 f5 17. Qb3+ Kh8 18. Nc4 Bc7 19. Qxb7 f4 20. Qc6 fxg3 21. hxg3 Qe7 22. Rae1 Rad8 23. Rh1 Rf6 24. Qe4 Qxe4+ 25. dxe4 d3 26. exd3 Rxd3 27. Rd1 Rdf3 28. Rhf1 h6 29. Rd7 Bxg3 30. e5 Rf8 31. e6 Bxf2 32. e7 Rg3+ 33. Kh2 Rf4 34. e8=Q+ Kh7 35. Rxf2 1-0


[Site "https://www.chess.com"]

[Event "Titled Tuesday Blitz February 07 Late 2023"]
[White "Slavin, Alexey"]
[Black "Balog, Imre"]
[WhiteFideId "24104388"]
[BlackFideId "728446"]
[WhiteElo "2364"]
[BlackElo "2615"]
[Result "1-0"]
[Round "07"]
[TimeControl "180+2"]
[Date "2023.02.07"]
[WhiteClock "0:00:47"]
[BlackClock "0:00:02"]

1. e4 c5 2. g3 Nc6 3. Bg2 d6 4. Ne2 g6 5. O-O Bg7 6. Nbc3 e6 7. a3 Nge7 8. Rb1 a5 9. Nb5 Nd4 10. Nexd4 cxd4 11. a4 O-O 12. Qe2 Nc6 13. d3 b6 14. c4 Ba6 15. f4 Bxb5 16. axb5 Nb4 17. f5 Qe7 18. Bd2 exf5 19. Bxb4 axb4 20. Qd2 fxe4 21. Bxe4 Ra4 22. b3 Ra7 23. Qxb4 Bh6 24. Rbe1 Be3+ 25. Kg2 Kg7 26. Rf3 Ra2+ 27. Kh1 Qe6 28. g4 Qxg4 29. Rg3 Qh4 30. Bg2 Bf4 31. Rh3 Qxe1+ 32. Qxe1 Be3 33. Rf3 f5 34. Rf1 f4 35. Qh4 Rf7 36. Bd5 Rfa7 37. Qd8 1-0


[Site "https://www.chess.com"]

[Event "Titled Tuesday Blitz February 07 Late 2023"]
[White "Mohammadian, Mohammad"]
[Black "Marcolino, Daniel Mattos"]
[WhiteFideId "12566055"]
[BlackFideId "2106841"]
[WhiteElo "1398"]
[BlackElo "2006"]
[Result "1-0"]
[Round "07"]
[TimeControl "180+2"]
[Date "2023.02.07"]
[WhiteClock "0:01:39"]
[BlackClock "0:01:13"]

1. e4 c6 2. d4 d5 3. Nd2 dxe4 4. Nxe4 Nd7 5. Nf3 Ngf6 6. Bd3 Nxe4 7. Bxe4 Nf6 8. Bd3 Bg4 9. c3 e6 10. O-O Bd6 11. Re1 O-O 12. Bg5 Be7 13. Bc2 Bh5 14. h3 Bg6 15. Bxg6 hxg6 16. Ne5 Nd5 17. Bxe7 Qxe7 18. Nf3 b5 19. Qb3 a5 20. a4 Rfb8 21. axb5 cxb5 22. Qxd5 Qf6 23. Qe4 a4 24. Ne5 Rc8 25. Nd7 Qe7 26. Nb6 1-0


[Site "https://www.chess.com"]

[Event "Titled Tuesday Blitz February 07 Late 2023"]
[White "Zampronha, Wladimir Camilo"]
[Black "rikchessmx"]
[WhiteFideId "2103087"]
[WhiteElo "2176"]
[BlackElo "2230"]
[Result "1-0"]
[Round "07"]
[TimeControl "180+2"]
[Date "2023.02.07"]
[WhiteClock "0:00:15"]
[BlackClock "0:00:15"]

1. e4 d6 2. d4 g6 3. Nc3 Bg7 4. Bg5 Nf6 5. f4 Nxe4 6. Nxe4 h6 7. Bh4 c6 8. Qd2 Qb6 9. O-O-O Bf5 10. Nc3 Na6 11. Bf2 d5 12. Bd3 e6 13. Bxf5 gxf5 14. Nf3 Nb4 15. a3 a5 16. Kb1 Na6 17. Ne5 Nc7 18. g4 Nb5 19. gxf5 Nxa3+ 20. Kc1 Bxe5 21. bxa3 Bd6 22. Nb1 Qb5 23. fxe6 fxe6 24. Rhe1 Kd7 25. Qe2 Rhe8 26. Qxb5 cxb5 27. Bg3 Rac8 28. Kb2 Rc4 29. Re3 Rec8 30. Rd2 b4 31. a4 b5 32. axb5 a4 33. f5 exf5 34. Bxd6 Kxd6 35. Re5 Rf8 36. Rf2 f4 37. Rh5 Rxd4 38. Rxh6+ Kc5 39. Rh3 Re8 40. Rd3 Re3 41. Rxe3 fxe3 42. Re2 Re4 43. Kc1 d4 44. Kd1 Kxb5 45. Rg2 Kc4 46. Ke2 b3 47. cxb3+ axb3 48. h3 d3+ 49. Kf3 b2 50. Kxe4 d2 51. Nxd2+ exd2 52. Rg1 b1=Q+ 53. Rxb1 Kc3 54. Rd1 Kc2 55. Rxd2+ Kxd2 56. h4 Kc3 57. h5 Kc4 58. h6 Kc5 59. h7 Kd6 60. h8=Q Kd7 61. Qe5 Kc6 62. Kd4 Kb6 63. Qc5+ Kb7 64. Qd6 Kc8 65. Qe7 Kb8 66. Kc5 Kc8 67. Kc6 Kb8 68. Qb7# 1-0


[Site "https://www.chess.com"]

[Event "Titled Tuesday Blitz February 07 Late 2023"]
[White "Andreikin, Dmitry"]
[Black "Hakobyan, Aram"]
[WhiteFideId "4158814"]
[BlackFideId "13306677"]
[WhiteElo "2729"]
[BlackElo "2608"]
[Result "0-1"]
[Round "08"]
[TimeControl "180+2"]
[Date "2023.02.07"]
[WhiteClock "0:00:01"]
[BlackClock "0:00:03"]

1. c4 Nf6 2. Nc3 e5 3. e3 Nc6 4. a3 d5 5. cxd5 Nxd5 6. Qc2 Nxc3 7. Qxc3 Bd6 8. b4 O-O 9. Bb2 Re8 10. Nf3 Bg4 11. Bb5 Re6 12. Bc4 Rg6 13. h4 h6 14. h5 Rf6 15. b5 Bxf3 16. gxf3 Ne7 17. f4 Rf5 18. Bd3 Qd7 19. Bxf5 Nxf5 20. fxe5 Bf8 21. a4 Qd5 22. Rg1 Nh4 23. O-O-O Nf3 24. Rg3 Ng5 25. d3 c6 26. f4 Ne6 27. Qc4 Qd8 28. Kb1 cxb5 29. axb5 a6 30. d4 axb5 31. Qxb5 Ra5 32. Qb3 Nc7 33. f5 Rb5 34. Qa2 Qh4 35. Rdg1 Qe4+ 36. Kc1 Rb6 37. Qb1 Qc6+ 38. Qc2 Qb5 39. Qg2 Rc6+ 40. Kd1 Qb3+ 41. Ke1 Bb4+ 42. Kf2 Rc2+ 43. Kf3 Rxg2 44. R1xg2 Qd1+ 45. Ke4 Ne8 46. f6 Qb1+ 47. Kd5 Qa2+ 48. Ke4 Qb1+ 49. Kd5 Bf8 50. e4 Qa2+ 51. Rb3 Qxb3# 0-1


[Site "https://www.chess.com"]

[Event "Titled Tuesday Blitz February 07 Late 2023"]
[White "Yoo, Christopher Woojin"]
[Black "So, Wesley"]
[WhiteFideId "30909694"]
[BlackFideId "5202213"]
[WhiteElo "2607"]
[BlackElo "2760"]
[Result "0-1"]
[Round "08"]
[TimeControl "180+2"]
[Date "2023.02.07"]
[WhiteClock "0:00:03"]
[BlackClock "0:00:08"]

1. e4 c5 2. Nf3 d6 3. d4 cxd4 4. Nxd4 Nf6 5. Nc3 a6 6. Be3 Ng4 7. Bc1 Nf6 8. Be3 e5 9. Nf3 Be7 10. Nd2 b5 11. a4 b4 12. Nd5 Nxd5 13. exd5 O-O 14. a5 Nd7 15. Nc4 f5 16. Bd2 Rb8 17. Ra4 b3 18. cxb3 Bb7 19. Bb4 Qc7 20. Be2 Nc5 21. Bxc5 Qxc5 22. Nb6 Bd8 23. Nd7 Bxa5+ 24. Kf1 Qc7 25. Nxb8 Rxb8 26. Rc4 Qf7 27. Ra4 Qc7 28. h4 Bb6 29. Rh3 Qc5 30. Rf3 g6 31. b4 Qxd5 32. Qxd5+ Bxd5 33. Rc3 Bd4 34. Rc7 Bb6 35. Rc1 Kf7 36. Rxa6 Ke6 37. Bc4 Bxc4+ 38. Rxc4 Kd7 39. b5 Bd4 40. Rcc6 Bc5 41. b4 Bxb4 42. Rab6 Ra8 43. Rb7+ Ke6 44. g3 Bc5 45. Rxh7 Ra2 46. Rxc5 dxc5 47. b6 Rb2 48. b7 c4 49. Rc7 c3 50. Rxc3 Rxb7 51. Rc6+ Kf7 52. Kg2 e4 53. Kf1 Rb1+ 0-1


[Site "https://www.chess.com"]

[Event "Titled Tuesday Blitz February 07 Late 2023"]
[White "Bortnyk, Olexandr"]
[Black "Naroditsky, Daniel"]
[WhiteFideId "14120828"]
[BlackFideId "2026961"]
[WhiteElo "2605"]
[BlackElo "2618"]
[Result "0-1"]
[Round "08"]
[TimeControl "180+2"]
[Date "2023.02.07"]
[WhiteClock "0:00:03"]
[BlackClock "0:00:17"]

1. e4 d6 2. d4 Nc6 3. Nf3 Nf6 4. Nc3 g6 5. h3 Bg7 6. Be3 O-O 7. g4 e5 8. Bg2 exd4 9. Nxd4 Bd7 10. O-O Re8 11. f4 Nxe4 12. Bxe4 d5 13. Bxd5 Rxe3 14. Nf3 Qe7 15. Qd2 Re8 16. Rf2 Nb4 17. Bb3 Bc6 18. Raf1 Rd8 19. Qc1 Bxf3 20. Rxf3 Rxf3 21. Rxf3 Bxc3 22. bxc3 Qe2 23. Rf1 Rd2 24. Qxd2 Qxd2 25. cxb4 Qxb4 26. f5 c5 27. fxg6 c4 28. gxf7+ Kf8 29. Kg2 cxb3 30. cxb3 Qe4+ 31. Rf3 a5 32. a4 Qe2+ 33. Rf2 Qe5 34. Rf3 b6 35. Kf2 Qh2+ 36. Kf1 Qc2 37. Kg1 Qe2 38. Rf2 Qe3 39. Kg2 Qxb3 40. Rf4 b5 41. axb5 a4 42. h4 a3 43. g5 a2 0-1


[Site "https://www.chess.com"]

[Event "Titled Tuesday Blitz February 07 Late 2023"]
[White "Bluebaum, Matthias"]
[Black "Fedoseev, Vladimir"]
[WhiteFideId "24651516"]
[BlackFideId "24130737"]
[WhiteElo "2669"]
[BlackElo "2680"]
[Result "1-0"]
[Round "08"]
[TimeControl "180+2"]
[Date "2023.02.07"]
[WhiteClock "0:00:05"]
[BlackClock "0:00:02"]

1. d4 Nf6 2. c4 e6 3. Nc3 Bb4 4. e3 c5 5. Bd3 Nc6 6. Ne2 d5 7. cxd5 exd5 8. a3 c4 9. axb4 cxd3 10. Qxd3 Nxb4 11. Qb5+ Nc6 12. Nf4 a6 13. Qc5 Be6 14. O-O Rc8 15. Qa3 g5 16. Nxe6 fxe6 17. f4 g4 18. f5 e5 19. dxe5 Nxe5 20. Qb3 b5 21. Rxa6 O-O 22. Qxb5 Kh8 23. Rd1 Qc7 24. Qa5 Qc4 25. Qa4 Qc7 26. Qd4 Nc6 27. Qf4 Qxf4 28. exf4 Ne7 29. Be3 Nxf5 30. Bf2 Kg7 31. h3 g3 32. Bd4 Nxd4 33. Rxd4 Ne4 34. Rxd5 Nxc3 35. bxc3 Rxc3 36. Rg5+ Kh8 37. Ra1 h6 38. Rg4 Kh7 39. Rf1 h5 40. Rg5 Kh6 41. h4 Re8 42. Kh1 Re2 43. Kg1 Rd3 44. f5 Re4 45. f6 Re8 46. f7 Rf8 47. Rg8 Rdd8 48. Rxg3 Rd7 49. Rgf3 Kg7 50. Rf5 Kg6 51. Rf6+ Kg7 52. Kh2 Rd4 53. R6f5 Rxh4+ 54. Kg3 Rg4+ 55. Kh3 Rg6 56. R1f4 Re6 57. Kh4 1-0


[Site "https://www.chess.com"]

[Event "Titled Tuesday Blitz February 07 Late 2023"]
[White "Salem, A.R. Saleh"]
[Black "Dominguez Perez, Leinier"]
[WhiteFideId "9301348"]
[BlackFideId "3503240"]
[WhiteElo "2677"]
[BlackElo "2739"]
[Result "1-0"]
[Round "08"]
[TimeControl "180+2"]
[Date "2023.02.07"]
[WhiteClock "0:00:10"]
[BlackClock "0:00:01"]

1. d4 d5 2. c4 dxc4 3. e4 e5 4. Nf3 Nf6 5. Bxc4 Nxe4 6. Nc3 Nd6 7. dxe5 Nxc4 8. Qa4+ c6 9. Qxc4 Be6 10. Qf4 Qd3 11. Be3 Na6 12. a3 Be7 13. Rd1 Qc4 14. Rd4 Qb3 15. O-O O-O 16. Ne4 Nc7 17. Nf6+ Kh8 18. Ng5 Qc2 19. Ngxh7 Rfd8 20. Qh4 Rxd4 21. Bxd4 gxf6 22. Ng5+ Kg7 23. exf6+ Bxf6 24. Nxe6+ 1-0


[Site "https://www.chess.com"]

[Event "Titled Tuesday Blitz February 07 Late 2023"]
[White "Kollars, Dmitrij"]
[Black "Ibarra Jerez, Jose Carlos"]
[WhiteFideId "12909572"]
[BlackFideId "2226332"]
[WhiteElo "2607"]
[BlackElo "2563"]
[Result "1-0"]
[Round "08"]
[TimeControl "180+2"]
[Date "2023.02.07"]
[WhiteClock "0:00:14"]
[BlackClock "0:00:02"]

1. e4 c5 2. Nf3 Nc6 3. Bb5 e6 4. O-O Nge7 5. Re1 Nd4 6. Nxd4 cxd4 7. c3 a6 8. Bf1 Nc6 9. b4 Bd6 10. a4 Qc7 11. g3 O-O 12. Na3 dxc3 13. dxc3 Be5 14. Qb3 d6 15. Nc4 Bf6 16. Be3 Ne5 17. Nb6 Nf3+ 18. Kh1 Nxe1 19. Nxa8 Qb8 20. Nb6 Nf3 21. Rd1 Ne5 22. f4 Nd7 23. Nc4 d5 24. exd5 exd5 25. Rxd5 b5 26. Nd6 bxa4 27. Qxa4 Nb6 28. Bxb6 Qxb6 29. Nxc8 Qe6 30. Qd7 Qe4+ 31. Kg1 Bxc3 32. Ne7+ Kh8 33. Qd8 Qe3+ 34. Kg2 Qe4+ 35. Kh3 Qe6+ 36. f5 Qh6+ 37. Kg2 g6 38. Qc7 Bf6 39. Rd8 Qg7 40. Rxf8+ Qxf8 41. Nd5 Bd4 42. f6 Qe8 43. Qe7 Qc8 44. Be2 h5 45. Qxf7 1-0


[Site "https://www.chess.com"]

[Event "Titled Tuesday Blitz February 07 Late 2023"]
[White "Chigaev, Maksim"]
[Black "Carlsen, Magnus"]
[WhiteFideId "4108116"]
[BlackFideId "1503014"]
[WhiteElo "2628"]
[BlackElo "2853"]
[Result "1-0"]
[Round "08"]
[TimeControl "180+2"]
[Date "2023.02.07"]
[WhiteClock "0:00:17"]
[BlackClock "0:00:12"]

1. e4 g6 2. d4 d6 3. Nc3 Bg7 4. Be3 a6 5. f3 b5 6. Qd2 Nd7 7. h4 h5 8. Nh3 Bb7 9. O-O-O c5 10. Ng5 cxd4 11. Bxd4 Bxd4 12. Qxd4 Ngf6 13. Kb1 Qb6 14. Qd2 Rc8 15. Ne2 Ne5 16. Nf4 b4 17. Be2 a5 18. Rhe1 a4 19. Qd4 Qc5 20. Qxc5 Rxc5 21. Nd3 Nxd3 22. cxd3 O-O 23. d4 Ra5 24. Rc1 Ba6 25. Bxa6 Rxa6 26. Rc7 e6 27. Rec1 d5 28. e5 Nh7 29. Nh3 Kg7 30. f4 b3 31. a3 Raa8 32. R1c6 Rfd8 33. Rxe6 Rac8 34. Ree7 Rxc7 35. Rxc7 Kg8 36. Ng5 Nxg5 37. fxg5 Ra8 38. Kc1 Kf8 39. Kd2 Ke8 40. Kc3 Rb8 41. Rc5 Rd8 42. Kb4 Ke7 43. Kxa4 Ke6 44. Kxb3 Kf5 45. Kc3 Kg4 46. b4 Kxh4 47. b5 Kg3 48. a4 Ra8 49. Kb4 Kxg2 50. b6 1-0


[Site "https://www.chess.com"]

[Event "Titled Tuesday Blitz February 07 Late 2023"]
[White "Dubov, Daniil"]
[Black "Melkumyan, Hrant"]
[WhiteFideId "24126055"]
[BlackFideId "13302485"]
[WhiteElo "2708"]
[BlackElo "2645"]
[Result "0-1"]
[Round "08"]
[TimeControl "180+2"]
[Date "2023.02.07"]
[WhiteClock "0:00:03"]
[BlackClock "0:00:24"]

1. e4 c5 2. Nf3 Nc6 3. Bb5 g6 4. O-O Bg7 5. Re1 e5 6. Bxc6 dxc6 7. d3 Qe7 8. a4 Nf6 9. Bg5 h6 10. Be3 O-O 11. Na3 Bg4 12. h3 Bxf3 13. Qxf3 Nd7 14. Nc4 Rfd8 15. g3 Nf8 16. Kg2 Ne6 17. Qe2 b5 18. Nd2 h5 19. axb5 cxb5 20. Ra5 Qb7 21. Rea1 a6 22. Nf3 Re8 23. Kg1 Nd4 24. Nxd4 exd4 25. Bf4 Re6 26. Qf3 Rae8 27. Kg2 c4 28. b3 cxd3 29. cxd3 Rc8 30. e5 Qxf3+ 31. Kxf3 Rcc6 32. Ke4 g5 33. Bxg5 Rxe5+ 34. Kf4 Rcc5 35. Bh4 Rf5+ 36. Ke4 Rce5+ 37. Kxd4 Re6+ 38. Bf6 Bxf6# 0-1


[Site "https://www.chess.com"]

[Event "Titled Tuesday Blitz February 07 Late 2023"]
[White "Swiercz, Dariusz"]
[Black "Duda, Jan-Krzysztof"]
[WhiteFideId "1126881"]
[BlackFideId "1170546"]
[WhiteElo "2637"]
[BlackElo "2724"]
[Result "1-0"]
[Round "08"]
[TimeControl "180+2"]
[Date "2023.02.07"]
[WhiteClock "0:00:05"]
[BlackClock "0:00:01"]

1. d4 Nf6 2. Nf3 g6 3. Nbd2 d5 4. e3 Bg7 5. b3 O-O 6. Bb2 b6 7. c4 Bb7 8. Be2 Nbd7 9. O-O c5 10. Rc1 Rc8 11. h3 Rc7 12. Rc2 Qa8 13. Qa1 Rfc8 14. Rfc1 cxd4 15. Bxd4 dxc4 16. Rxc4 Rxc4 17. Bxc4 e6 18. a4 a6 19. Be2 Rxc1+ 20. Qxc1 Nd5 21. Bxg7 Kxg7 22. Nc4 Qb8 23. Qa1+ f6 24. g4 b5 25. axb5 axb5 26. Ncd2 b4 27. Bc4 e5 28. Qa5 Qc7 29. Qxc7 Nxc7 30. Ne1 Nc5 31. Nc2 N7a6 32. Kf1 f5 33. gxf5 gxf5 34. f3 Kf6 35. Kf2 Kg5 36. Kg3 f4+ 37. exf4+ exf4+ 38. Kg2 h5 39. Kf2 Kh4 40. Nd4 Nc7 41. Nc2 N5a6 42. Bf1 Bc8 43. Nd4 Bxh3 44. Bxh3 Kxh3 45. Ne4 Nd5 46. Ng5+ Kh2 47. Nf5 Nc5 48. Nd4 Nd3+ 49. Ke2 Ne5 50. Ne4 h4 51. Kf2 h3 52. Ng5 Nd3+ 53. Kf1 Kg3 54. Nf5+ Kh2 55. Nd4 Ne3+ 56. Ke2 Nc5 57. Kf2 Nd1+ 58. Kf1 1-0


[Site "https://www.chess.com"]

[Event "Titled Tuesday Blitz February 07 Late 2023"]
[White "Deac, Bogdan-Daniel"]
[Black "Zhigalko, Sergei"]
[WhiteFideId "1226380"]
[BlackFideId "13502956"]
[WhiteElo "2700"]
[BlackElo "2572"]
[Result "0-1"]
[Round "08"]
[TimeControl "180+2"]
[Date "2023.02.07"]
[WhiteClock "0:00:05"]
[BlackClock "0:00:07"]

1. d4 Nf6 2. Nf3 e6 3. c4 b6 4. a3 Ba6 5. Qc2 Bb7 6. Nc3 c5 7. e4 cxd4 8. Nxd4 Nc6 9. Nf3 Qc7 10. h3 a6 11. Bd3 Bd6 12. O-O Rc8 13. Be3 Ne5 14. Nxe5 Bxe5 15. Rac1 Qc6 16. f3 O-O 17. Qf2 Nh5 18. Qh4 Ng3 19. Rfe1 f5 20. Bf2 f4 21. b4 Qd6 22. Red1 Bf6 23. Qg4 h5 24. Qg6 Bxc3 25. Rxc3 Qe5 26. Bxg3 fxg3 27. Rc2 Rf6 28. Qxf6 Qxf6 29. Bf1 Bc6 30. Rcd2 Ba4 31. Re1 Qc3 32. Be2 Qxd2 0-1


[Site "https://www.chess.com"]

[Event "Titled Tuesday Blitz February 07 Late 2023"]
[White "Grigorov, Grigor"]
[Black "Paravyan, David"]
[WhiteFideId "2907313"]
[BlackFideId "4194985"]
[WhiteElo "2510"]
[BlackElo "2601"]
[Result "0-1"]
[Round "08"]
[TimeControl "180+2"]
[Date "2023.02.07"]
[WhiteClock "0:00:13"]
[BlackClock "0:01:18"]

1. d4 Nf6 2. Nf3 g6 3. Bg5 Bg7 4. Nbd2 h6 5. Bh4 c5 6. Bxf6 Bxf6 7. Ne4 cxd4 8. Nxf6+ exf6 9. Nxd4 Nc6 10. e3 Qb6 11. Nb5 O-O 12. b3 d5 13. Be2 a6 14. Nd4 Re8 15. c3 Bd7 16. O-O Rac8 17. Qd2 Nxd4 18. cxd4 Rc7 19. Rac1 Rec8 20. h4 h5 21. g3 Kg7 22. Bf3 Be6 23. Rxc7 Qxc7 24. Rd1 a5 25. e4 dxe4 26. Bxe4 b6 27. d5 Bd7 28. d6 Qc5 29. Bf3 Qc3 30. Qf4 Rc5 31. Bg2 Re5 32. Qd4 Re1+ 33. Kh2 Qxd4 34. Rxd4 Re2 35. Rc4 Rxf2 36. Rc7 Be6 37. Rc6 Rxg2+ 0-1


[Site "https://www.chess.com"]

[Event "Titled Tuesday Blitz February 07 Late 2023"]
[White "Rasulov, Vugar"]
[Black "Oganian, Miran"]
[WhiteFideId "13402390"]
[BlackFideId "4122488"]
[WhiteElo "2523"]
[BlackElo "2439"]
[Result "1-0"]
[Round "08"]
[TimeControl "180+2"]
[Date "2023.02.07"]
[WhiteClock "0:00:11"]
[BlackClock "0:00:05"]

1. Nf3 d5 2. c4 e6 3. g3 Nf6 4. Bg2 d4 5. O-O c5 6. b4 cxb4 7. a3 Nc6 8. d3 Be7 9. axb4 Bxb4 10. Ba3 Bxa3 11. Nxa3 O-O 12. Qa4 Bd7 13. Rfb1 Rb8 14. Nb5 a6 15. Nd6 Qc7 16. Qa3 Rfd8 17. Ng5 Be8 18. Nxe8 Rxe8 19. Ne4 Nxe4 20. Bxe4 g6 21. Qc5 Rec8 22. Rb6 Ne5 23. Qb4 Nc6 24. Bxc6 bxc6 25. Raxa6 Rxb6 26. Rxb6 c5 27. Qb2 Kg7 28. Rb7 Qc6 29. Rb6 Qc7 30. h4 h5 31. Qb5 Ra8 32. Rb7 Qc8 33. Qd7 Qxd7 34. Rxd7 Kf6 35. Kg2 e5 36. Rc7 Ra5 37. f4 exf4 38. gxf4 Ke6 39. Kf3 Kf6 40. Rb7 Ke6 41. Rb6+ Kf5 42. Rd6 f6 43. Rb6 g5 44. fxg5 fxg5 45. hxg5 Kxg5 46. Rb5 Ra8 47. Rxc5+ Kg6 48. Rd5 Rf8+ 49. Kg3 Re8 50. Rxd4 Rxe2 51. Rd6+ Kf5 52. Rd5+ Ke6 53. Kf4 h4 54. Rh5 Rh2 55. Rh6+ Kd7 56. Ke5 h3 57. Kd5 Rh1 58. Rh7+ Ke8 59. c5 h2 60. d4 Kf8 61. Kc6 Kg8 62. Rh3 Rd1 63. Rxh2 Rd2 64. Rxd2 1-0


[Site "https://www.chess.com"]

[Event "Titled Tuesday Blitz February 07 Late 2023"]
[White "EREBUNI91"]
[Black "Dardha, Daniel"]
[BlackFideId "240990"]
[WhiteElo "2759"]
[BlackElo "2631"]
[Result "1-0"]
[Round "08"]
[TimeControl "180+2"]
[Date "2023.02.07"]
[WhiteClock "0:01:10"]
[BlackClock "0:02:07"]

1. e4 c6 2. d4 d5 3. e5 Bf5 4. h4 h5 5. Bd3 Bxd3 6. Qxd3 Qa5+ 7. Nd2 e6 8. Nf3 c5 9. O-O Nc6 10. Nb3 Qb6 11. dxc5 Bxc5 12. Nxc5 Qxc5 13. Be3 Qe7 14. c4 Rd8 15. Rfd1 dxc4 16. Qxc4 Nh6 17. Bg5 Rxd1+ 18. Rxd1 Qc7 19. Rd8+ Qxd8 20. Bxd8 Kxd8 21. b4 Nf5 22. b5 Nce7 23. Ng5 Rf8 24. Qc5 b6 25. Qa3 Nxh4 26. Qxa7 Nhg6 27. Qxb6+ Kd7 28. Qd6+ Kc8 29. b6 Nd5 30. Ne4 Rd8 31. Qc6+ Kb8 32. Nc5 1-0


[Site "https://www.chess.com"]

[Event "Titled Tuesday Blitz February 07 Late 2023"]
[White "Janaszak, Dawid"]
[Black "Makhnev, Denis"]
[WhiteFideId "1119206"]
[BlackFideId "13707647"]
[WhiteElo "2316"]
[BlackElo "2483"]
[Result "0-1"]
[Round "08"]
[TimeControl "180+2"]
[Date "2023.02.07"]
[WhiteClock "0:00:18"]
[BlackClock "0:01:12"]

1. e4 e5 2. Nf3 Nc6 3. d4 exd4 4. Nxd4 Bc5 5. Nb3 Bb6 6. Nc3 Nf6 7. Qe2 a5 8. Nd5 a4 9. Nxb6 cxb6 10. Nd2 O-O 11. g3 d5 12. Bg2 Re8 13. O-O dxe4 14. c3 Bg4 15. Qe1 Qd3 16. h3 Be2 17. Kh2 e3 18. fxe3 Bxf1 19. Nxf1 Rad8 20. Bd2 Ne4 21. Rd1 Ne5 22. g4 Nc4 23. Ng3 Nxg3 24. Qxg3 Nxd2 25. Bxb7 Nf1+ 26. Rxf1 Qxf1 0-1


[Site "https://www.chess.com"]